 Dungeon Crawl Stone Soup version 0.22.1-1-ga44c0e5 (webtiles) character file.

159 Gwenloh the Skirmisher (level 5, -8/47 HPs)
             Began as a Hill Orc Fighter on Oct 27, 2018.
             Mangled by a gnoll
             ... wielding a +0 halberd
              (14 damage)
             ... on level 3 of the Dungeon.
             The game lasted 00:05:05 (1530 turns).

Gwenloh the Skirmisher (Hill Orc Fighter)           Turns: 1530, Time: 00:05:05

Health: -8/47      AC:  8    Str: 24    XL:     5   Next: 40%
Magic:  5/5        EV:  7    Int:  8    God:
Gold:   135        SH: 10    Dex: 11    Spells: 4/4 levels left

rFire    . . .     SeeInvis .   a - +0 war axe
rCold    . . .     Gourm    .   c - +0 shield
rNeg     . . .     Faith    .   b - +0 scale mail
rPois    +         Spirit   .   (no helmet)
rElec    .         Reflect  .   g - +0 cloak {rPois}
rCorr    .         Harm     .   (no gloves)
MR       .....                  (no boots)
Stlth    ..........             (no amulet)
HPRegen  0.15/turn              (no ring)
MPRegen  0.09/turn              (no ring)

@: mighty
A: no striking features
a: no special abilities


You were on level 3 of the Dungeon.
You were hungry.

You visited 1 branch of the dungeon, and saw 3 of its levels.

You collected 135 gold pieces.

Inventory:

Hand Weapons
 a - a +0 war axe (weapon)
Missiles
 i - 57 stones (quivered)
Armour
 b - a +0 scale mail (worn)
 c - a +0 shield (worn)
 g - a +0 cloak of poison resistance (worn)
Scrolls
 e - a scroll of noise {unknown}
 h - a scroll of magic mapping {unknown}
 j - 4 scrolls of identify {unknown}
 k - 5 scrolls of remove curse {unknown}
 l - 2 scrolls of teleportation {unknown}
 m - 2 scrolls of blinking {unknown}
 o - a scroll of immolation {unknown}
 q - a scroll of enchant armour {unknown}
Potions
 n - 2 potions of resistance {unknown}
 p - 2 potions of brilliance {unknown}
 r - 2 potions of mutation {unknown}
 s - a potion of curing {unknown}
 t - a potion of agility {unknown}
Comestibles
 f - 4 rations


   Skills:
 + Level 4.7 Fighting
 + Level 4.2 Axes
 + Level 4.3 Armour
 + Level 4.3 Shields


You had 4 spell levels left.
You didn't know any spells.
Your spell library was empty.

Dungeon Overview and Level Annotations

Branches:
Dungeon (3/15)

Altars:


Message History

The gnoll hits you with a halberd.
You barely miss the gnoll.
The gnoll is severely wounded.
You block the gnoll's attack. The gnoll hits you with a halberd.
* * * LOW HITPOINT WARNING * * *
You feel very mighty all of a sudden.
You completely miss the gnoll.
The gnoll is severely wounded.
The gnoll closely misses you. The gnoll hits you but does no damage.
You slash the gnoll!
You kill the gnoll!
You hit the gnoll.
The gnoll is heavily wounded.
The gnoll hits you but does no damage.
The gnoll hits you from afar with a halberd!
* * * LOW HITPOINT WARNING * * *
You slice the gnoll!!
You kill the gnoll!
The gnoll hits you from afar with a halberd!
You die...

#########
#######.......#
........#####.####
######...........#
#######.#####.##@#
.....#.# #.##)#
..##.#.# #.##g#
#.##.#.# #.##.#
#.##.#.# #.##.#
#.##.#.#####.##..
#............###.
##......####### .
........#


You could see a gnoll.

Vanquished Creatures
  Crazy Yiuf (D:2)
  Terence (D:2)
  2 gnolls (D:3)
  An ooze (D:1)
  4 worms (D:2)
  4 dart slugs
  A leopard gecko (D:2)
  An orc (D:3)
  A ball python (D:1)
  8 bats
  A giant cockroach (D:1)
  5 goblins
  10 hobgoblins
  5 jackals
  9 kobolds
  A frilled lizard (D:2)
  6 rats
61 creatures vanquished.

Notes
Turn   | Place    | Note
-------+----------+-------------------------------------------
     0 | D:1      | Gwenloh the Hill Orc Fighter began the quest for the Orb.
     0 | D:1      | Reached XP level 1. HP: 19/19 MP: 1/1
    65 | D:1      | Reached XP level 2. HP: 23/27 MP: 2/2
   280 | D:1      | Reached XP level 3. HP: 31/33 MP: 3/3
   711 | D:2      | Found a faded altar of an unknown god.
   927 | D:2      | Reached XP level 4. HP: 40/40 MP: 4/4
   976 | D:2      | Noticed Terence
   987 | D:2      | Killed Terence
  1180 | D:2      | Found a runed door.
  1331 | D:2      | Noticed Crazy Yiuf
  1339 | D:2      | Killed Crazy Yiuf
  1339 | D:2      | Reached XP level 5. HP: 27/47 MP: 5/5
  1530 | D:3      | Mangled by a gnoll

Skill      XL: |  1  2  3  4 |
---------------+-------------+-----
Axes           | 3 4 |  4.2
Fighting       | 4 |  4.7
Armour         | 4 |  4.3
Shields        | 4 |  4.3

Action                   |  1- 3 |  4- 6 || total
-------------------------+-------+-------++-------
Melee: War axe           |   153 |    72 ||   225
  Use: Potion            |       |     1 ||     1
  Eat: Chunk             |     1 |     1 ||     2
Armor: Scale mail        |    65 |    19 ||    84
Dodge: Dodged            |    45 |    26 ||    71
Block: Shield            |    90 |    29 ||   119
